Map: Proxima Station LE

Players

Namshar - Winner!

  • Race: Zerg Zerg
  • Spawn Location: 7:00

Cham

  • Race: Zerg Zerg
  • Spawn Location: 1:00

Event: WCS Jonkoping 2017

VOD

Have the link to the VOD?

Description

Time

  • Played on: June 17, 2017, 2:25 p.m.
  • Length: 8:59

All games in this series

Show
View Real Time Build Order
Export as new Build Order

Namshar Zerg - Winner!

Build Orders: Hatch First 

Get SALT Encoding   

  12  0:00  Drone  
  13  0:12  Overlord  
  13  0:17  Drone  
  14  0:31  Drone x2  
  14  0:34  Drone  
  17  0:53  Hatchery  
  17  0:55  Drone  
  17  0:57  Drone  
  18  1:10  Extractor  
  17  1:13  Spawning Pool  
  17  1:15  Drone  
  17  1:18  Drone  
  18  1:28  Drone  
  19  1:38  Overlord  
  19  1:50  Drone  
  20  1:59  Queen  
  20  2:00  Zergling x2  
  23  2:04  Queen  
  23  2:05  Drone  
  26  2:11  Drone  
  26  2:12  Metabolic Boost  
  27  2:16  Drone  
  27  2:21  Drone  
  29  2:26  Drone  
  30  2:33  Drone  
  30  2:36  Hatchery  
  30  2:43  Queen  
  32  2:47  Overlord  
  32  2:56  Spine Crawler  
  32  2:57  Drone x2  
  33  3:04  Drone x2  
  35  3:10  Overlord  
  35  3:13  Drone x3  
  37  3:22  Drone  
  37  3:23  Drone x3  
  41  3:29  Roach Warren  
  40  3:34  Evolution Chamber  
  40  3:36  Drone x2  
  40  3:37  Drone  
  42  3:46  Drone x3  
  42  3:47  Drone x2  
  47  3:49  Drone  
  47  3:54  Drone x3  
  51  3:56  Drone  
  51  4:01  Overlord  
  51  4:02  Extractor  
  51  4:03  Extractor, Drone  
  51  4:05  Zerg Missile Weapons Level 1  
  51  4:09  Drone  
  52  4:10  Overlord  
  52  4:16  Drone  
  52  4:17  Drone x3  
  55  4:20  Extractor, Drone  
  56  4:27  Drone x3  
  56  4:28  Overlord  
  56  4:29  Drone x3  
  62  4:33  Lair  
  62  4:37  Zergling x4  
  62  4:38  Zergling x2  
  65  4:40  Zergling x2  
  65  4:44  Drone  
  67  4:46  Extractor, Drone  
  67  4:47  Drone  
  67  4:48  Extractor  
  67  4:50  Drone x3  
  70  4:54  Drone x3  
  70  4:57  Drone x2, Overlord  
  75  5:02  Overlord x2  
  75  5:06  Drone  
  76  5:18  Hatchery  
  76  5:20  Overlord  
  75  5:22  Drone  
  75  5:26  Drone  
  75  5:27  Evolution Chamber  
  76  5:30  Glial Reconstitution  
  76  5:32  Roach x7  
  76  5:34  Overseer  
  90  5:36  Overlord  
  90  5:40  Roach x3  
  96  5:45  Roach x2  
  96  5:46  Roach  
  102  5:50  Overlord x2  
  102  5:59  Roach x6  
  102  6:02  Zerg Missile Weapons Level 2  
  114  6:06  Zerg Ground Armor Level 1  
  114  6:15  Roach  
  114  6:16  Roach x5  
  127  6:24  Hatchery  
  127  6:25  Overlord x3  
  125  6:27  Ravager x4  
  125  6:32  Overlord x2  
  129  6:38  Overlord x2  
  129  6:46  Roach x6  
  141  6:48  Ravager x2  
  141  6:49  Ravager x2  
  141  6:51  Ravager  
  147  6:54  Roach x4  
  147  7:00  Roach x4  
  159  7:05  Overlord  
  159  7:08  Roach x3  
  165  7:09  Ravager  
  168  7:15  Roach  
  168  7:16  Roach x4  
  168  7:17  Overseer  
  168  7:21  Overlord  
  176  7:25  Overlord x2  
  176  7:28  Roach x3  
  182  7:35  Queen  
  184  7:40  Roach x4  
  184  7:42  Ravager x2  
  195  7:44  Ravager x2  
  195  7:47  Roach x2  
  152  8:38  Roach x17  
Show
View Real Time Build Order
Export as new Build Order

Cham Zerg 

Build Orders: Hatch First 

Get SALT Encoding   

  12  0:00  Drone  
  13  0:08  Drone  
  14  0:17  Overlord  
  14  0:36  Drone x3  
  17  0:52  Hatchery  
  17  0:56  Drone  
  17  0:58  Drone  
  17  1:03  Extractor  
  17  1:15  Spawning Pool  
  17  1:18  Drone  
  17  1:22  Drone  
  18  1:32  Drone  
  19  1:43  Overlord  
  19  2:03  Queen  
  19  2:04  Drone  
  19  2:05  Queen  
  19  2:07  Zergling x2  
  25  2:09  Drone  
  25  2:15  Drone  
  27  2:17  Drone  
  28  2:27  Drone x2  
  30  2:38  Hatchery  
  29  2:44  Overlord  
  29  2:46  Drone  
  29  2:48  Drone  
  31  2:51  Drone  
  31  2:56  Drone  
  33  2:58  Drone  
  33  3:07  Drone  
  33  3:10  Overlord  
  34  3:14  Drone x3  
  34  3:15  Drone x2  
  39  3:20  Roach Warren  
  39  3:22  Evolution Chamber  
  39  3:23  Drone x2  
  39  3:28  Queen  
  39  3:32  Drone  
  42  3:34  Overlord  
  42  3:38  Drone  
  43  3:45  Extractor  
  43  3:47  Drone x2  
  43  3:48  Extractor, Zerg Missile Weapons Level 1  
  43  3:50  Drone x2  
  43  3:54  Drone x2  
  47  3:58  Overlord  
  47  3:59  Drone  
  47  4:00  Drone  
  47  4:01  Drone  
  50  4:03  Drone  
  50  4:05  Drone  
  52  4:11  Drone  
  52  4:12  Lair  
  52  4:14  Drone  
  52  4:16  Overlord  
  54  4:18  Drone  
  54  4:21  Drone x2  
  54  4:24  Overlord  
  57  4:25  Drone  
  57  4:28  Drone x2  
  57  4:30  Drone  
  61  4:31  Drone  
  61  4:32  Drone  
  61  4:36  Overlord  
  61  4:38  Drone x2  
  65  4:40  Drone  
  65  4:41  Extractor x2, Drone  
  65  4:43  Drone  
  66  4:46  Overlord  
  66  4:50  Drone  
  66  4:51  Extractor  
  66  4:52  Drone x3  
  69  4:54  Drone x2  
  69  4:56  Roach  
  69  4:58  Roach  
  75  5:01  Roach  
  75  5:06  Overlord  
  77  5:08  Roach, Drone x2  
  77  5:11  Evolution Chamber  
  77  5:12  Roach x2  
  77  5:13  Glial Reconstitution  
  84  5:16  Roach  
  84  5:19  Roach x2  
  91  5:22  Roach x2  
  91  5:25  Overlord  
  91  5:26  Roach  
  91  5:27  Overseer  
  97  5:30  Roach x2  
  97  5:32  Roach  
  103  5:36  Overlord  
  103  5:37  Roach  
  103  5:38  Roach  
  107  5:44  Extractor  
  107  5:46  Roach x3  
  107  5:48  Overlord  
  107  5:49  Zerg Missile Weapons Level 2  
  112  5:52  Roach  
  112  5:56  Roach x3  
  121  6:04  Hatchery  
  121  6:05  Ravager x2  
  121  6:06  Ravager x2  
  121  6:07  Roach x2  
  121  6:11  Overlord  
  128  6:15  Drone  
  128  6:17  Roach x4  
  138  6:25  Overlord x2  
  137  6:28  Overlord  
  137  6:29  Infestation Pit, Drone  
  137  6:30  Roach x2  
  141  6:34  Roach  
  141  6:38  Roach  
  141  6:39  Overlord  
  145  6:41  Hatchery  
  145  6:44  Roach x3  
  145  6:45  Roach  
  152  6:47  Overlord  
  152  6:49  Roach  
  152  6:52  Overlord  
  154  7:03  Roach x7  
  154  7:07  Infestor  
  170  7:11  Infestor  
  170  7:14  Overlord  
  170  7:15  Overlord  
  172  7:17  Ravager x4  
  172  7:18  Roach  
  172  7:20  Ravager x2  
  180  7:24  Overseer  
  180  7:26  Roach x2  
  180  7:28  Roach  
  186  7:33  Roach  
  186  7:34  Roach x2  
  186  7:36  Overlord  
  190  7:40  Overlord  
  190  7:43  Roach  
  192  7:45  Roach  
  192  7:46  Roach x2  
  192  7:49  Roach  
  194  8:25  Roach x7  
  194  8:26  Roach x4  
  181  8:32  Roach x2  
  181  8:33  Roach  
  158  8:35  Roach  
  158  8:40  Roach  
Tags
 
Add a new tag
Caveats
  • Supply blocks, unpowered buildings, or Contaminate may cause inaccurate times.
  • Supply counts are checked every 10 seconds.